3006 views
Uploaded 2020-04-23 23:22:54
Game version 1.32.3
35:24 long 1on1 ladder game on (2)NorthernIsles
Saved by BEARAND
3006 views
Uploaded 2020-04-23 23:22:54
Game version 1.32.3
35:24 long 1on1 ladder game on (2)NorthernIsles

45 units @ 6.7k
/ 1k
25 buildings @ 3.9k
/ 1.6k



| Rod of Necromancy | 1 | 150 |
| Potion of Healing | 2 | 300 |
| Orb of Corruption | 2 | 750 |
| Scroll of Town Portal | 1 | 350 |
| Scroll of Healing | 1 | 250 |
| Potion of Lesser Invulnerability | 1 | 150 |
| total: | 8 | 1950g |
| Acolyte | 17 | 1275 | / | 0 |
| Ghoul | 13 | 1560 | / | 0 |
| Crypt Fiend | 3 | 645 | / | 120 |
| Obsidian Statue | 2 | 400 | / | 70 |
| Abomination | 3 | 720 | / | 210 |
| Meat Wagon | 4 | 920 | / | 200 |
| Frost Wyrm | 3 | 1155 | / | 360 |
| total: | 45 | 6675g | / | 960w |
| Nerubian Tower | 5 | 500 | / | 100 |
| Spirit Tower | 3 | 435 | / | 120 |
| Altar of Darkness | 1 | 180 | / | 50 |
| Crypt | 2 | 400 | / | 100 |
| Ziggurat | 15 | 2250 | / | 750 |
| Tomb of Relics | 1 | 130 | / | 30 |
| Graveyard | 1 | 215 | / | 0 |
| Necropolis | 1 | 225 | / | 0 |
| Slaughterhouse | 1 | 140 | / | 135 |
| Temple of the Damned | 1 | 155 | / | 140 |
| Sacrificial Pit | 1 | 75 | / | 150 |
| Boneyard | 1 | 175 | / | 200 |
| Halls of the Dead | 1 | 320 | / | 210 |
| Black Citadel | 1 | 325 | / | 230 |
| total: | 25 | 3945g | / | 1555w |
| 0:05 | Acolyte |
| 0:07 | Altar of Darkness |
| 0:11 | Crypt |
| 0:26 | Ziggurat |
| 0:38 | Acolyte |
| 1:05 | Tomb of Relics |
| 1:15 | Ghoul |
| 1:27 | Crypt |
| 1:40 | Ghoul |
| 1:59 | Ghoul |
| 2:06 | Ziggurat |
| 2:16 | Vampiric Aura |
| 2:22 | Ghoul |
| 2:28 | Nerubian Tower |
| 2:36 | Ghoul |
| 2:49 | Rod of Necromancy |
| 3:00 | Ghoul |
| 3:07 | Ghoul |
| 3:17 | Acolyte |
| 3:39 | Ghoul |
| 3:43 | Ghoul |
| 3:59 | Ziggurat |
| 4:02 | Ziggurat |
| 4:58 | Ghoul |
| 5:00 | Halls of the Dead |
| 5:53 | Graveyard |
| 6:06 | Ghoul |
| 6:08 | Ghoul |
| 6:42 | Nerubian Tower |
| 7:45 | Crypt Fiend |
| 8:05 | Black Citadel |
| 8:08 | Potion of Healing |
| 8:32 | Ziggurat |
| 8:51 | Death Pact |
| 9:14 | Ziggurat |
| 9:20 | Potion of Healing |
| 9:31 | Nerubian Tower |
| 9:44 | Slaughterhouse |
| 10:41 | Crypt Fiend |
| 10:57 | Obsidian Statue |
| 11:35 | Abomination |
| 11:39 | Acolyte |
| 11:40 | Acolyte |
| 11:58 | Frost Nova |
| 12:18 | Sleep |
| 12:19 | Death Coil |
| 12:56 | Abomination |
| 13:14 | Orb of Corruption |
| 13:15 | Acolyte |
| 13:18 | Acolyte |
| 14:29 | Obsidian Statue |
| 14:57 | Sleep |
| 15:04 | Creature Attack |
| 15:07 | Unholy Strength |
| 15:12 | Ziggurat |
| 15:14 | Temple of the Damned |
| 15:18 | Sacrificial Pit |
| 16:00 | Acolyte |
| 16:00 | Acolyte |
| 16:01 | Acolyte |
| 16:01 | Acolyte |
| 16:16 | Nerubian Tower |
| 16:32 | Web |
| 17:24 | Meat Wagon |
| 17:32 | Ziggurat |
| 17:32 | Ziggurat |
| 17:36 | Ziggurat |
| 17:40 | Acolyte |
| 17:45 | Boneyard |
| 18:27 | Spirit Tower |
| 18:28 | Ziggurat |
| 19:14 | Freezing Breath |
| 19:28 | Death Coil |
| 19:29 | Frost Armor |
| 19:35 | Nerubian Tower |
| 19:37 | Spirit Tower |
| 19:41 | Necropolis |
| 19:47 | Frost Wyrm |
| 19:56 | Abomination |
| 20:48 | Frost Wyrm |
| 21:21 | Frost Wyrm |
| 22:20 | Ghoul |
| 22:35 | Disease Cloud |
| 22:54 | Scroll of Town Portal |
| 22:55 | Scroll of Healing |
| 22:56 | Orb of Corruption |
| 23:53 | Meat Wagon |
| 26:15 | Meat Wagon |
| 28:49 | Meat Wagon |
| 29:06 | Ziggurat |
| 29:07 | Ziggurat |
| 29:07 | Ziggurat |
| 29:08 | Ziggurat |
| 29:55 | Crypt Fiend |
| 30:59 | Potion of Lesser Invulnerability |
| 31:15 | Spirit Tower |
| 31:30 | Acolyte |
| 31:30 | Acolyte |
| 31:30 | Acolyte |
| 31:30 | Acolyte |
| 31:31 | Acolyte |
| Right click | 1561 |
| Chat | 427 |
| Select | 409 |
| Select group | 388 |
| Build/train/purchase | 94 |
| Use ability | 41 |
| Assign group | 34 |
| Misc. action | 32 |
| Item give/drop | 3 |
| Remove unit | 3 |
28 units @ 3.1k
/ 0.3k
135 buildings @ 6.1k
/ 3.5k



| Scroll of Regeneration | 3 | 300 |
| Potion of Healing | 4 | 600 |
| Staff of Sanctuary | 3 | 750 |
| Orb of Fire | 2 | 650 |
| Potion of Mana | 1 | 200 |
| Boots of Speed | 3 | 750 |
| Staff of Teleportation | 3 | 450 |
| Potion of Lesser Invulnerability | 1 | 150 |
| Robe of the Magi +6 | 1 | 400 |
| Ancient Janggo of Endurance | 1 | 500 |
| total: | 22 | 4750g |
| Peasant | 20 | 1500 | / | 0 |
| Priest | 1 | 135 | / | 10 |
| Dragonhawk Rider | 3 | 600 | / | 90 |
| Flying Machine | 1 | 100 | / | 30 |
| Sorceress | 1 | 155 | / | 20 |
| Goblin Shredder | 1 | 375 | / | 100 |
| Goblin Zeppelin | 1 | 240 | / | 60 |
| total: | 28 | 3105g | / | 310w |
| Scout Tower | 118 | 3540 | / | 2360 |
| Arcane Tower | 4 | 280 | / | 200 |
| Guard Tower | 54 | 3780 | / | 2700 |
| Altar of Kings | 1 | 180 | / | 50 |
| Farm | 6 | 480 | / | 120 |
| Lumber Mill | 1 | 120 | / | 0 |
| Arcane Vault | 2 | 260 | / | 60 |
| Town Hall | 2 | 770 | / | 410 |
| Blacksmith | 1 | 140 | / | 60 |
| Barracks | 1 | 160 | / | 60 |
| Arcane Sanctum | 1 | 150 | / | 140 |
| Gryphon Aviary | 1 | 140 | / | 150 |
| Workshop | 1 | 140 | / | 140 |
| Keep | 1 | 320 | / | 210 |
| Castle | 1 | 360 | / | 210 |
| total: | 135 | 6080g | / | 3550w |
| 0:01 | Peasant |
| 0:02 | Peasant |
| 0:02 | Peasant |
| 0:08 | Altar of Kings |
| 0:17 | Farm |
| 0:23 | Lumber Mill |
| 0:24 | Scout Tower |
| 0:28 | Peasant |
| 0:40 | Peasant |
| 0:50 | Peasant |
| 1:19 | Farm |
| 1:20 | Arcane Vault |
| 1:22 | Peasant |
| 1:26 | Scout Tower |
| 1:27 | Peasant |
| 1:36 | Arcane Tower |
| 1:45 | Peasant |
| 2:03 | Peasant |
| 2:06 | Blizzard |
| 2:11 | Guard Tower |
| 2:12 | Scout Tower |
| 2:13 | Scout Tower |
| 2:14 | Peasant |
| 2:42 | Guard Tower |
| 2:42 | Peasant |
| 2:43 | Peasant |
| 2:43 | Peasant |
| 3:15 | Brilliance Aura |
| 3:18 | Peasant |
| 3:18 | Peasant |
| 3:24 | Guard Tower |
| 3:29 | Scroll of Regeneration |
| 4:14 | Town Hall |
| 4:25 | Scout Tower |
| 4:25 | Scout Tower |
| 4:26 | Scout Tower |
| 4:41 | Boots of Speed |
| 4:41 | Staff of Teleportation |
| 4:54 | Guard Tower |
| 4:56 | Scout Tower |
| 5:09 | Peasant |
| 5:09 | Peasant |
| 5:20 | Peasant |
| 5:20 | Peasant |
| 5:46 | Guard Tower |
| 6:00 | Scout Tower |
| 6:34 | Guard Tower |
| 6:58 | Keep |
| 7:01 | Scout Tower |
| 7:01 | Scout Tower |
| 7:01 | Scout Tower |
| 7:14 | Improved Masonry |
| 7:50 | Guard Tower |
| 7:56 | Guard Tower |
| 8:21 | Guard Tower |
| 8:21 | Scout Tower |
| 8:22 | Scout Tower |
| 8:39 | Scout Tower |
| 8:39 | Scout Tower |
| 8:39 | Scout Tower |
| 9:05 | Guard Tower |
| 9:06 | Scout Tower |
| 9:07 | Scout Tower |
| 9:07 | Scout Tower |
| 9:08 | Scout Tower |
| 9:17 | Guard Tower |
| 9:36 | Guard Tower |
| 9:40 | Guard Tower |
| 10:08 | Arcane Sanctum |
| 10:28 | Arcane Tower |
| 10:30 | Guard Tower |
| 10:32 | Guard Tower |
| 10:37 | Scroll of Regeneration |
| 10:40 | Storm Bolt |
| 10:57 | Advanced Masonry |
| 11:10 | Blizzard |
| 11:17 | Guard Tower |
| 11:19 | Scout Tower |
| 11:19 | Scout Tower |
| 11:23 | Magic Sentry |
| 11:35 | Priest |
| 11:43 | Staff of Teleportation |
| 11:43 | Boots of Speed |
| 11:49 | Potion of Lesser Invulnerability |
| 11:57 | Guard Tower |
| 12:24 | Bash |
| 12:34 | Castle |
| 12:40 | Guard Tower |
| 12:41 | Scout Tower |
| 12:42 | Scout Tower |
| 12:54 | Scroll of Regeneration |
| 13:04 | Gryphon Aviary |
| 13:26 | Potion of Healing |
| 13:28 | Potion of Healing |
| 13:33 | Guard Tower |
| 13:47 | Scout Tower |
| 13:48 | Scout Tower |
| 13:48 | Scout Tower |
| 13:49 | Scout Tower |
| 13:49 | Scout Tower |
| 13:50 | Scout Tower |
| 13:52 | Scout Tower |
| 13:53 | Scout Tower |
| 13:53 | Scout Tower |
| 14:02 | Arcane Vault |
| 14:33 | Goblin Shredder |
| 14:39 | Goblin Zeppelin |
| 15:04 | Imbued Masonry |
| 15:08 | Farm |
| 15:09 | Farm |
| 15:59 | Guard Tower |
| 15:59 | Guard Tower |
| 16:14 | Staff of Sanctuary |
| 16:17 | Orb of Fire |
| 16:17 | Staff of Sanctuary |
| 16:23 | Dragonhawk Rider |
| 16:25 | Farm |
| 16:32 | Scout Tower |
| 16:33 | Scout Tower |
| 16:33 | Scout Tower |
| 16:34 | Scout Tower |
| 16:34 | Scout Tower |
| 16:35 | Guard Tower |
| 16:37 | Guard Tower |
| 16:37 | Guard Tower |
| 16:56 | Dragonhawk Rider |
| 16:56 | Dragonhawk Rider |
| 16:58 | Farm |
| 17:01 | Holy Light |
| 17:03 | Potion of Healing |
| 17:13 | Guard Tower |
| 17:35 | Potion of Healing |
| 17:36 | Potion of Mana |
| 17:45 | Blacksmith |
| 17:48 | Barracks |
| 17:50 | Guard Tower |
| 18:32 | Cloud |
| 18:50 | Staff of Teleportation |
| 18:50 | Boots of Speed |
| 19:46 | Storm Bolt |
| 19:53 | Guard Tower |
| 19:54 | Scout Tower |
| 19:55 | Scout Tower |
| 19:55 | Scout Tower |
| 20:04 | Guard Tower |
| 20:07 | Scout Tower |
| 20:08 | Scout Tower |
| 20:08 | Scout Tower |
| 20:09 | Scout Tower |
| 20:10 | Scout Tower |
| 20:10 | Scout Tower |
| 20:10 | Scout Tower |
| 20:22 | Orb of Fire |
| 20:22 | Staff of Sanctuary |
| 20:31 | Arcane Tower |
| 20:36 | Animal War Training |
| 20:41 | Workshop |
| 21:10 | Robe of the Magi +6 |
| 21:16 | Divine Shield |
| 21:23 | Guard Tower |
| 21:29 | Brilliance Aura |
| 22:47 | Guard Tower |
| 22:47 | Arcane Tower |
| 22:52 | Flying Machine |
| 22:55 | Priest Adept Training |
| 22:58 | Iron Forged Swords |
| 22:58 | Studded Leather Armor |
| 24:44 | Scout Tower |
| 24:44 | Scout Tower |
| 24:44 | Scout Tower |
| 24:45 | Scout Tower |
| 24:46 | Scout Tower |
| 24:46 | Scout Tower |
| 24:47 | Scout Tower |
| 24:48 | Scout Tower |
| 24:49 | Scout Tower |
| 24:49 | Scout Tower |
| 24:50 | Scout Tower |
| 24:50 | Scout Tower |
| 24:50 | Scout Tower |
| 24:51 | Scout Tower |
| 24:51 | Scout Tower |
| 24:51 | Scout Tower |
| 24:51 | Scout Tower |
| 24:51 | Scout Tower |
| 25:04 | Steel Forged Swords |
| 25:04 | Reinforced Leather Armor |
| 25:15 | Guard Tower |
| 25:18 | Guard Tower |
| 25:42 | Guard Tower |
| 26:12 | Guard Tower |
| 26:14 | Town Hall |
| 26:36 | Guard Tower |
| 26:39 | Scout Tower |
| 26:39 | Scout Tower |
| 26:39 | Scout Tower |
| 26:39 | Scout Tower |
| 26:39 | Scout Tower |
| 27:04 | Guard Tower |
| 27:18 | Guard Tower |
| 27:22 | Scout Tower |
| 27:22 | Scout Tower |
| 27:23 | Scout Tower |
| 27:24 | Scout Tower |
| 27:43 | Ancient Janggo of Endurance |
| 27:50 | Scout Tower |
| 27:51 | Scout Tower |
| 27:51 | Scout Tower |
| 27:51 | Scout Tower |
| 27:52 | Scout Tower |
| 27:52 | Scout Tower |
| 27:53 | Scout Tower |
| 27:53 | Scout Tower |
| 27:54 | Scout Tower |
| 27:56 | Guard Tower |
| 27:58 | Guard Tower |
| 28:37 | Guard Tower |
| 28:38 | Guard Tower |
| 29:05 | Mithril Forged Swords |
| 29:05 | Dragonhide Armor |
| 29:06 | Sorceress |
| 29:06 | Sorceress Adept Training |
| 29:49 | Scout Tower |
| 29:50 | Scout Tower |
| 29:51 | Scout Tower |
| 29:51 | Scout Tower |
| 29:52 | Scout Tower |
| 29:52 | Scout Tower |
| 29:55 | Scout Tower |
| 29:56 | Scout Tower |
| 29:57 | Scout Tower |
| 29:57 | Scout Tower |
| 29:58 | Scout Tower |
| 29:59 | Scout Tower |
| 29:59 | Scout Tower |
| 31:27 | Guard Tower |
| 31:43 | Guard Tower |
| 31:50 | Guard Tower |
| 31:54 | Scout Tower |
| 31:54 | Scout Tower |
| 31:55 | Scout Tower |
| 31:56 | Scout Tower |
| 31:56 | Scout Tower |
| 31:57 | Scout Tower |
| 31:57 | Scout Tower |
| 31:58 | Scout Tower |
| 31:59 | Scout Tower |
| 31:59 | Scout Tower |
| 32:50 | Holy Light |
| 33:22 | Scout Tower |
| 33:23 | Scout Tower |
| 33:24 | Scout Tower |
| 33:24 | Scout Tower |
| 33:29 | Guard Tower |
| 33:30 | Scout Tower |
| 33:31 | Scout Tower |
| 33:31 | Scout Tower |
| 33:32 | Scout Tower |
| 33:34 | Scout Tower |
| 33:34 | Scout Tower |
| 34:53 | Guard Tower |
| Right click | 3284 |
| Select | 874 |
| Select group | 612 |
| Chat | 477 |
| Build/train/purchase | 228 |
| Use ability | 129 |
| Misc. action | 34 |
| Item give/drop | 24 |
| Assign group | 23 |
| Remove unit | 4 |